 Dungeon Crawl Stone Soup version 0.27.1-2-g3b301248ec (webtiles) character file.

Game seed: 15720538053248165722

158 ABBCCCDDDD the Insei (level 5, -4/37 HPs)
             Began as an Octopode Abyssal Knight on Sept 28, 2021.
             Was a Believer of Lugonu.
             Slain by a sky beast (5 damage)
             ... on level 2 of the Dungeon.
             The game lasted 00:02:45 (3017 turns).

ABBCCCDDDD the Insei (Octopode Abyssal Knight)      Turns: 3017, Time: 00:02:46

Health: -4/37      AC:  1    Str: 11    XL:     5   Next: 40%
Magic:  6/6        EV: 13    Int: 16    God:    Lugonu [**....]
Gold:   138        SH:  0    Dex: 11    Spells: 4/4 levels left

rFire    . . .     SeeInvis .     - Unarmed
rCold    . . .     Faith    .   (no shield)
rNeg     . . .     Spirit   .   (helmet restricted)
rPois    .         Reflect  .   (no amulet)
rElec    .         Harm     .   (no ring)
rCorr    .         Rampage  .   (no ring)
Will     .....                  (no ring)
Stlth    ++........             (no ring)
HPRegen  0.12/turn              (no ring)
MPRegen  0.10/turn              (no ring)
                                (no ring)
                                (no ring)

@: no status effects
A: almost no armour, amphibious, 8 rings, camouflage 1, gelatinous body 1,
(nimble swimmer 1), tentacles
a: Renounce Religion, Depart the Abyss, Bend Space


You were on level 2 of the Dungeon.
You worshipped Lugonu.
Lugonu was pleased with you.
You visited 1 branch of the dungeon, and saw 3 of its levels.
You visited the Abyss 1 time.

You collected 138 gold pieces.

Inventory:

Missiles
 c - 2 throwing nets
 i - 7 poisoned darts (quivered)
Scrolls
 e - a scroll of identify
 h - a scroll of brand weapon {unknown}
Potions
 a - a potion of invisibility
 b - a potion of resistance {unknown}
 d - a potion of might {unknown}
 f - a potion of ambrosia {unknown}
 g - a potion of flight {unknown}
 j - a potion of mutation {unknown}


   Skills:
 + Level 4.2 Fighting
 - Level 2.3 Dodging
 + Level 0.6 Stealth
 * Level 4.4 Unarmed Combat
 + Level 2.1 Invocations


You had 4 spell levels left.
You didn't know any spells.
Your spell library was empty.

Dungeon Overview and Level Annotations

Branches:
Dungeon (3/15)

Altars:

Annotations:
D:2 Natasha


Innate Abilities, Weirdness & Mutations

You cannot wear most types of armour.
You are amphibious.
You can wear up to eight rings at the same time.
Your skin changes colour to match your surroundings (Stealth+).
Your rubbery body absorbs attacks. (AC +1, EV +1)
((You are camouflaged near water. (Stealth+)))
You have tentacles for arms and can constrict up to eight enemies at once.


Message History

The sky beast flickers out of sight!
Deactivating autopickup; reactivate with Ctrl-A.
A sky beast appears from thin air!
Reactivating autopickup.
The sky beast flickers out of sight!
Deactivating autopickup; reactivate with Ctrl-A.
A sky beast appears from thin air!
Reactivating autopickup.
The sky beast flickers out of sight!
Deactivating autopickup; reactivate with Ctrl-A.
A sky beast appears from thin air!
Reactivating autopickup.
The sky beast flickers out of sight!
Deactivating autopickup; reactivate with Ctrl-A.
A sky beast appears from thin air!
Reactivating autopickup.
There is a stone staircase leading down here.
The sky beast flickers out of sight!
Deactivating autopickup; reactivate with Ctrl-A.
Natasha, Servant of Life and Death comes into view.
A sky beast appears from thin air!
Reactivating autopickup.
Natasha hisses angrily.
Natasha casts a spell at you. The magic dart hits you!
Natasha casts a spell at you. You resist with some effort.
The sky beast flickers out of sight!
Deactivating autopickup; reactivate with Ctrl-A.
Natasha mumbles some strange words.
The white imp gestures at you. The puff of frost hits you!
* * * LOW HITPOINT WARNING * * *
As you read the scroll labelled TESTRI BIGU, it crumbles to dust.
It is a scroll of identify.
a - a potion of invisibility Something hits you.
* * * LOW HITPOINT WARNING * * *
Something shocks you.
You die...

....######## #......(<.#.#
...........## ##.........#.#
............# #..........#.#
............# #........###.#
............# #............#
............# #........#########
............# ##.......#........
'####.#####.#############.#######
................@.............>..
.####.###...................#.###
.# #..##.......h...........#.# .#
##.##...................#.# .#
#.##...................#.# .#
#.##.......5...........#.# ##
#.####..##............<#.# #
#.......##............##.# #
###..####.##..............>#


You could see Natasha and a white imp (summoned).

Levels and vault maps discovered:
D:1:      tarquinn_simple_flora_water_b, layout_loops_corners,
          wad_floor_pattern_untrapped
D:2:      layout_basic, uniq_natasha
D:3:      minmay_diamond_boxcup, layout_loops_cross, minmay_ruptured

Notes
Turn   | Place    | Note
-------+----------+-------------------------------------------
     0 | Abyss:1  | ABBCCCDDDD the Octopode Abyssal Knight began the quest for
                  | the Orb.
     0 | Abyss:1  | Reached XP level 1. HP: 16/16 MP: 2/2
    50 | Abyss:1  | Noticed a thrashing horror
    58 | D:1      | Escaped the Abyss
   648 | D:1      | Reached XP level 2. HP: 17/21 MP: 3/3
   825 | D:1      | Reached * piety under Lugonu
  1234 | D:2      | Reached XP level 3. HP: 6/26 MP: 4/4
  1235 | D:2      | HP: 1/26 [poisoned by an adder]
  1668 | D:2      | Reached XP level 4. HP: 33/33 MP: 5/5
  1949 | D:2      | Noticed Natasha
  1959 | D:2      | Killed Natasha
  2433 | D:2      | Noticed Natasha
  2439 | D:2      | Killed Natasha
  2440 | D:2      | Reached XP level 5. HP: 33/37 MP: 6/6
  2618 | D:3      | Reached ** piety under Lugonu
  2776 | D:3      | Noticed a sky beast
  3010 | D:2      | Noticed Natasha
  3017 | D:2      | HP: 1/37 [something (3)]
  3017 | D:2      | Slain by a sky beast

Table legend: (Time is in decaauts)
 A = Elapsed time spent in this place.
 B = Non-inter-level travel time spent in this place.
 C = Inter-level travel time spent in this place.
 D = Time resting spent in this place.
 E = Time spent auto-exploring this place.
 F = Levels seen in this place.
 G = Mean time per level.
                   A        B        C        D        E       F      G
               +--------+--------+--------+--------+--------+-----+--------+
         Total |   3012 |   2935 |     77 |    257 |   2108 |   4 |  753.0 |
       Dungeon |   2954 |   2877 |     77 |    257 |   2060 |   3 |  984.7 |
         Abyss |     58 |     58 |      0 |      0 |     48 |   1 |   58.0 |
               +--------+--------+--------+--------+--------+-----+--------+

Top non-repeatable levels by time:
     D:2: 1634 daAuts
     D:1: 900 daAuts
     D:3: 419 daAuts
 Abyss:1: 58 daAuts

Table legend:
 A = Kills in this place as a percentage of kills in entire the game.
 B = Kills by you in this place as a percentage of kills by you in the entire game.
 C = Kills by friends in this place as a percentage of kills by friends in the entire game.
 D = Other kills in this place as a percentage of other kills in the entire game.
 E = Experience gained in this place as a percentage of experience gained in the entire game.
 F = Experience gained in this place divided by the number of levels of this place that you have seen.
                   A       B       C       D       E      F
               +-------+-------+-------+-------+-------+----------------------
         Total | 100.0 | 100.0 |   N/A |   N/A | 100.0 |  56.8
       Dungeon | 100.0 | 100.0 |   N/A |   N/A | 100.0 |  75.7
               +-------+-------+-------+-------+-------+----------------------

Action                   |  1- 3 |  4- 6 || total
-------------------------+-------+-------++-------
Melee: Unarmed           |    61 |    48 ||   109
       Constrict         |    15 |     8 ||    23
       Tentacles         |     8 |     4 ||    12
       Punch             |     1 |       ||     1
Throw: Dart              |       |     5 ||     5
Invok: Depart the Abyss  |     1 |       ||     1
  Use: Potion            |     1 |       ||     1
       Scroll            |       |     1 ||     1
 Stab: Sleeping          |     6 |     5 ||    11
Armor: Skin              |     5 |     6 ||    11
Dodge: Dodged            |    31 |    21 ||    52

Vanquished Creatures
  Natasha (twice) (D:2)
  4 gnolls
  3 adders (D:2)
  2 dart slugs (D:2)
  An orc (D:3)
  3 endoplasms (D:2)
  2 giant cockroaches
  2 goblins
  A hobgoblin (D:2)
  2 jackals (D:2)
  3 kobolds
  2 quokkas
  5 ball pythons
  4 bats
  4 frilled lizards
  8 rats
48 creatures vanquished.
